 Dungeon Crawl Stone Soup version 0.28.0-45-g0d030f2227 (webtiles) character file.

Game seed: 6900914219160392893

15 pkoi the Charlatan (level 2, -1/22 HPs)
             Began as a Demigod Artificer on Apr 19, 2022.
             Succumbed to an adder's poison
             ... on level 2 of the Dungeon.
             The game lasted 00:00:41 (323 turns).

pkoi the Charlatan (Demigod Artificer)               Turns: 323, Time: 00:00:41

Health: -1/22      AC:  3    Str: 13    XL:     2   Next: 21%
Magic:  4/4        EV: 11    Int: 13    God:
Gold:   0          SH:  0    Dex: 14    Spells: 1/1 levels left

rFire   . . .      SeeInvis .   h - +0 dagger
rCold   . . .      Faith    .   (no shield)
rNeg    . . .      Spirit   .   b - +0 leather armour
rPois   .          Reflect  .   (no helmet)
rElec   .          Harm     .   (no cloak)
rCorr   .          Rampage  .   (no gloves)
Will    .....                   (no boots)
Stlth   +.........              (no amulet)
HPRegen 0.07/turn               (no ring)
MPRegen 0.09/turn               (no ring)

@: lethally poisoned (-1 -> -7)
A: high MP 1, forlorn, divine attributes
a: no special abilities


You were on level 2 of the Dungeon.
You visited 1 branch of the dungeon, and saw 2 of its levels.

Inventory:

Hand Weapons
 a - a +0 club
 h - a +0 dagger (weapon)
Armour
 b - a +0 leather armour (worn)
Wands
 c - a wand of flame (8) (quivered)
 d - a wand of charming (14)
Scrolls
 f - a scroll of amnesia {unknown}
 g - a scroll of fear {unknown}
Miscellaneous
 e - a piece from Xom's chessboard (15/15)


   Skills:
 - Level 0.8 Fighting
 - Level 1.7 Armour
 - Level 0.8 Dodging
 - Level 0.8 Stealth
 + Level 1.2 Unarmed Combat
 + Level 3.1 Evocations


You had one spell level left.
You didn't know any spells.
Your spell library was empty.

Dungeon Overview and Level Annotations

Branches:
Dungeon (1/15)


Innate Abilities, Weirdness & Mutations

You have an increased reservoir of magic. (+10% MP)
You shall have no god before yourself.
Your divine heritage dramatically boosts your attributes as you level up.


Message History

The adder poisons you!
Unknown command.
You hit the adder but do no damage.
The adder is severely wounded.
You feel sick. The adder bites you.
* * * LOW HITPOINT WARNING * * *
You are more poisoned.
The adder poisons you!
You closely miss the adder.
The adder is severely wounded.
* * * LOW HITPOINT WARNING * * *
You feel sick. The adder barely misses you. The adder closely misses you.
You hit the adder.
The adder is almost dead.
You feel sick. The adder bites you but does no damage.
You barely miss the adder.
The adder is almost dead.
You feel sick. The adder bites you but does no damage.
Unknown command.
Aiming: Throw Flame
Press: ? - help, Shift-Dir - straight line, f/p - adder
Aim: an adder (almost dead, 53% to hit)
The puff of flame misses the adder.
You feel sick. The adder barely misses you. The adder bites you.
* * * LOW HITPOINT WARNING * * *
You are more poisoned.
The adder poisons you!
Aiming: Throw Flame
Press: ? - help, Shift-Dir - straight line, f/p - adder
Aim: an adder (almost dead, 53% to hit)
The puff of flame misses the adder.
* * * LOW HITPOINT WARNING * * *
You feel sick. The adder barely misses you.
Unknown command.
Aiming: Throw Flame
Press: ? - help, Shift-Dir - straight line, f/p - adder
Aim: an adder (almost dead, 53% to hit)
The puff of flame hits the adder.
You kill the adder!
You die...

###.##...###.#.########
..........##.#...#
.........>.#.###.#
##...........# #.#
##.#.......### #.#
#...#.....## #.#
).#......## #.#
#...###.## #.# ##.##
### #@# ##.# #)# #.#
##.## .# #...# .#
#.....# ## ..........#
..........#.#
.........##.#
......#### #


There were no monsters in sight!

Vanquished Creatures
  2 adders (D:2)
  An endoplasm (D:1)
  A giant cockroach (D:2)
  A goblin (D:2)
  A kobold (D:2)
6 creatures vanquished.

Vanquished Creatures (collateral kills)
  A hobgoblin (D:2)
1 creature vanquished.

Grand Total: 7 creatures vanquished

Notes
Turn   | Place    | Note
-------+----------+-------------------------------------------
     0 | D:1      | pkoi the Demigod Artificer began the quest for the Orb.
     0 | D:1      | Reached XP level 1. HP: 15/15 MP: 3/3
    98 | D:1      | You fall into a shaft and drop 1 floor!
   102 | D:2      | Reached skill level 1 in Unarmed Combat
   102 | D:2      | Reached skill level 3 in Evocations
   102 | D:2      | Reached XP level 2. HP: 22/22 MP: 4/4
   322 | D:2      | HP: 1/22 [poisoned by an adder]
   323 | D:2      | Succumbed to an adder's poison

Illustrated notes

Levels and vault maps discovered:
D:1:      ncdulo_watergridlock, layout_basic
D:2:      layout_loops_ring

Skill      XL: |  1 |
---------------+----+-----
Unarmed Combat | 1 |  1.2
Evocations     | 3 |  3.1
Fighting       | |  0.8
Armour         | |  1.7
Dodging        | |  0.8
Stealth        | |  0.8

Action                   || total
-------------------------++-------
Melee: Club              ||     9
       Dagger            ||    10
Evoke: Wand              ||     8
Armor: Leather armour    ||     6
Dodge: Dodged            ||    12
